Canucks vs Flames

Created - 21 décembre 2015 at 20:09

Goals
1 2 3 T
Canucks 2 1 0 3
Flames 1 0 1 2
Shots
1 2 3 T
Canucks 6 17 13 36
Flames 11 2 14 27

1st period

1. Flames , Patrik Berglund 6 (Milan Hejduk, Filip Kuba) at 5:58
2. Canucks , Tomas Plekanec 9 (Alex Goligoski, Clarke MacArthur) at 7:19 (PP)
3. Canucks , Matt Stajan 11 (Jaromir Jagr) at 12:17 (SH)

Penalties :
Jordin Tootoo (Cal) for Tripping (Minor) at 2:58, David Backes (Cal) for Holding (Minor) at 7:06, Maxim Lapierre (Van) for Tripping (Minor) at 11:50

2nd period

4. Canucks , Clarke MacArthur 10 (Tomas Plekanec) at 10:09

Penalties :
David Backes (Cal) for Hooking (Minor) at 1:36, Jordin Tootoo (Cal) for Tripping (Minor) at 7:40, Brad Marchand (Cal) for High sticking (Minor) at 13:22, Steve Regier (Cal) for Slashing (Minor) at 17:17

3rd period

5. Flames , Eric Staal 15 (Alexander Semin, David Backes) at 8:31

Penalties :
Derek Meech (Cal) for Roughing (Minor) at 2:57, Steve Regier (Cal) for High sticking (Minor) at 18:20

Goalie Stats

Carey Price (Van), 25 saves from 27 shots - (0,926), W, 11-8-0, 60:00 minutes
Pekka Rinne (Cal), 33 saves from 36 shots - (0,917), L, 17-9-2, 60:00 minutes

Players Stats for Canucks

Player Name              G  A  P  +/- PIM S  H  SB GA TA FO     MP     PP MP  PK MP  
------------------------------------------------------------------------------------
Alex Goligoski           0  1  1   0  0   5  3  2  0  0  0/0    27:47   7:45   1:25 
Alex Tanguay             0  0  0   0  0   0  2  1  0  0  1/1    10:32   0:09   0:00 
Antti Miettinen          0  0  0  -1  0   1  2  0  0  0  0/0     7:21   0:00   0:00 
Clarke MacArthur         1  1  2   0  0   4  2  0  0  0  1/1    18:51   6:48   0:33 
Daniel Paille            0  0  0  -1  0   0  1  2  0  0  0/0     7:21   0:00   0:00 
David Jones              0  0  0   0  0   2  2  0  2  0  1/2    18:17   6:48   0:00 
Jaromir Jagr             0  1  1   1  0   5  2  0  0  0  3/6    23:19   6:52   1:26 
Karl Alzner              0  0  0   0  0   0  0  0  0  1  0/0    10:19   0:24   0:00 
Kyle Cumiskey            0  0  0   0  0   0  2  0  0  0  0/0    10:19   0:24   0:00 
Matt Stajan              1  0  1   1  0   5  1  1  1  1  13/35  23:19   6:52   1:26 
Maxim Lapierre           0  0  0   0  2   2  1  0  0  0  2/5    10:29   0:06   0:00 
Nikolai Zherdev          0  0  0   0  0   0  0  0  0  0  1/1    10:23   0:00   0:00 
Olli Jokinen             0  0  0  -1  0   0  1  0  0  1  1/2     7:21   0:00   0:00 
Peter Worrell            0  0  0   0  0   4  2  0  1  0  0/1    22:30   6:55   0:33 
Sami Lepisto             0  0  0   0  0   2  0  3  0  0  0/0    21:54   5:37   0:34 
Steve Montador           0  0  0   0  0   1  3  0  0  4  0/0    27:47   7:45   1:25 
Tom Poti                 0  0  0   0  0   1  0  4  1  0  0/0    21:54   5:37   0:34 
Tomas Plekanec           1  1  2   0  0   4  0  1  0  0  6/10   18:17   6:48   0:00 

Players Stats for Flames

Player Name              G  A  P  +/- PIM S  H  SB GA TA FO     MP     PP MP  PK MP  
------------------------------------------------------------------------------------
Alexander Semin          0  1  1   0  0   1  1  1  1  0  0/1    19:32   1:17   3:43 
Brad Marchand            0  0  0   0  2   0  0  0  0  0  0/0     7:51   0:00   0:37 
Craig Adams              0  0  0   0  0   3  3  0  1  0  1/2     7:04   0:00   0:00 
David Backes             0  1  1  -1  4   6  1  1  2  1  0/3    21:05   1:17   4:52 
Derek Meech              0  0  0   0  2   0  1  2  0  0  0/0    11:09   1:09   0:12 
Eric Staal               1  0  1  -1  0   3  1  1  0  0  22/32  23:20   1:17   7:30 
Erik Johnson             0  0  0  -1  0   1  1  1  0  0  0/0    23:43   0:50   6:36 
Filip Kuba               0  1  1   1  0   1  0  1  1  0  0/0    21:39   0:50   0:00 
Joe Corvo                0  0  0  -1  0   1  1  3  1  1  0/0    20:26   0:00   6:26 
Jordin Tootoo            0  0  0  -1  4   3  2  0  0  0  0/1    17:43   0:42   5:05 
Marcel Goc               0  0  0   0  0   2  2  0  0  1  5/11   17:31   0:00   5:20 
Mark Bell                0  0  0   0  0   2  2  0  0  0  1/1    12:09   0:42   0:00 
Mikhail Grabovski        0  0  0   0  0   0  0  0  0  0  1/2     7:40   0:00   0:25 
Milan Hejduk             0  1  1   1  0   1  0  0  0  0  1/1    10:16   0:00   0:00 
Patrik Berglund          1  0  1   1  0   1  2  0  0  0  4/9    10:58   0:42   0:00 
Ron Hainsey              0  0  0   0  0   0  0  3  0  0  0/0    17:33   1:09   6:58 
Steve Eminger            0  0  0   1  0   0  2  1  1  2  0/0    25:52   0:00   7:20 
Steve Regier             0  0  0   1  4   2  2  0  0  0  0/1    10:35   0:00   0:00 

3 Stars

1 - Clarke MacArthur (Van)
2 - Tomas Plekanec (Van)
3 - Patrik Berglund (Cal)

Power Play

Canucks - 1 on 8 Attempt(s) - 12,50%
Flames - 0 on 1 Attempt(s) - 0,00%

Penalty Kill

Canucks - 1 on 1 Attempt(s) - 100,00% - Score 1 goal in Penalty Kill
Flames - 7 on 8 Attempt(s) - 87,50% - Score 0 goal in Penalty Kill

Team Stat

Canucks - Hits : 24 - Faceoff Wins : 29 - Blocked Shots : 14 - Penalty Minutes : 2
Flames - Hits : 21 - Faceoff Wins : 35 - Blocked Shots : 14 - Penalty Minutes : 16

Official

Referees : Auger Stephane and McCreary Bill
Linesman : Derek Amell and Jay Sharrers

Game Notes

No Game Note

Finance

Level 1 -- Attendance: 5174 (86,23%) -- Ticket Income 455 312 $
Level 2 -- Attendance: 3765 (75,30%) -- Ticket Income 214 605 $
Level 3 -- Attendance: 1641 (82,05%) -- Ticket Income 54 153 $
Level 4 -- Attendance: 3029 (75,73%) -- Ticket Income 72 696 $
Luxury Box -- Attendance: 727 (72,70%) -- Ticket Income 146 127 $
Game was played at the Metal Center'
Total Attendance: 14336 (79,64%)
Total Ticket Income: 942 893 $
Other Income: 141 434 $
Total Income: 1 084 327 $

Canucks

5 vs 5 Forward 
   Center                   Left Wing                Right Wing               Time % Phy DF OF 
 1 Matt Stajan              Peter Worrell            Jaromir Jagr             40     1   2  2  
 2 Tomas Plekanec           Clarke MacArthur         David Jones              30     1   2  2  
 3 Maxim Lapierre           Alex Tanguay             Nikolai Zherdev          20     1   2  2  
 4 Olli Jokinen             Daniel Paille            Antti Miettinen          10     1   2  2  

5 vs 5 Defense 
   Defense                  Defense                                           Time % Phy DF OF 
 1 Alex Goligoski           Steve Montador                                    40     1   2  2  
 2 Tom Poti                 Sami Lepisto                                      30     1   2  2  
 3 Kyle Cumiskey            Karl Alzner                                       20     1   2  2  
 4 Alex Goligoski           Steve Montador                                    10     1   2  2  

PowerPlay Forward 
   Center                   Left Wing                Right Wing               Time % Phy DF OF 
 1 Matt Stajan              Peter Worrell            Jaromir Jagr             60     1   2  2  
 2 Tomas Plekanec           Clarke MacArthur         David Jones              40     1   2  2  

PowerPlay Defense
   Defense                  Defense                                           Time % Phy DF OF 
 1 Alex Goligoski           Steve Montador                                    60     1   2  2  
 2 Tom Poti                 Sami Lepisto                                      40     1   2  2  

Penalty Kill 4 Players Forward 
   Center                   Wing                     Time % Phy DF OF 
 1 Jaromir Jagr             Matt Stajan              60     1   2  2  
 2 Peter Worrell            Clarke MacArthur         40     1   2  2  

Penalty Kill 4 Players Defense
   Defense                  Defense                  Time % Phy DF OF 
 1 Alex Goligoski           Steve Montador           60     1   2  2  
 2 Tom Poti                 Sami Lepisto             40     1   2  2  

Penalty Kill - 3 Players Forward 
   Forward                                           Time % Phy DF OF 
 1 Jaromir Jagr                                      60     1   2  2  
 2 Matt Stajan                                       40     1   2  2  

Penalty Kill - 3 Players Defense
   Defense                  Defense                  Time % Phy DF OF 
 1 Alex Goligoski           Steve Montador           60     1   2  2  
 2 Tom Poti                 Sami Lepisto             40     1   2  2  

4 vs 4 Forward 
   Center                   Wing                     Time % Phy DF OF 
 1 Jaromir Jagr             Matt Stajan              60     1   2  2  
 2 Peter Worrell            Clarke MacArthur         40     1   2  2  

4 vs 4 Defense
   Defense                  Defense                  Time % Phy DF OF 
 1 Alex Goligoski           Steve Montador           60     1   2  2  
 2 Tom Poti                 Sami Lepisto             40     1   2  2  

Last Minutes Offensive
   Center                   Left Wing                Right Wing               Defense                  Defense                  
   Matt Stajan              Peter Worrell            Jaromir Jagr             Alex Goligoski           Steve Montador           

Last Minutes Defensive
   Center                   Left Wing                Right Wing               Defense                  Defense                  
   Matt Stajan              Peter Worrell            Jaromir Jagr             Alex Goligoski           Steve Montador           

Goaltenders
Starting : Carey Price              
Backup : Chad Johnson             

Extra Forwards
Normal : Alex Tanguay, Maxim Lapierre, Daniel Paille - PP : Alex Tanguay, Maxim Lapierre - PK : Daniel Paille
Extra Defensemen
Normal : Kyle Cumiskey, Karl Alzner, Tom Poti - PP : Kyle Cumiskey - PK : Karl Alzner, Tom Poti
Penalty Shots
Jaromir Jagr, Matt Stajan, Peter Worrell, Clarke MacArthur, Alex Tanguay

Flames

5 vs 5 Forward 
   Center                   Left Wing                Right Wing               Time % Phy DF OF 
 1 Eric Staal               Alexander Semin          David Backes             39     1   2  2  
 2 Marcel Goc               Mark Bell                Jordin Tootoo            30     1   2  2  
 3 Patrik Berglund          Steve Regier             Milan Hejduk             21     1   2  2  
 4 Mikhail Grabovski        Brad Marchand            Craig Adams              10     1   2  2  

5 vs 5 Defense 
   Defense                  Defense                                           Time % Phy DF OF 
 1 Filip Kuba               Steve Eminger                                     40     1   2  2  
 2 Joe Corvo                Erik Johnson                                      30     1   2  2  
 3 Derek Meech              Ron Hainsey                                       20     1   2  2  
 4 Filip Kuba               Erik Johnson                                      10     1   2  2  

PowerPlay Forward 
   Center                   Left Wing                Right Wing               Time % Phy DF OF 
 1 Eric Staal               Alexander Semin          David Backes             60     1   2  2  
 2 Patrik Berglund          Mark Bell                Jordin Tootoo            40     1   2  2  

PowerPlay Defense
   Defense                  Defense                                           Time % Phy DF OF 
 1 Filip Kuba               Erik Johnson                                      60     1   2  2  
 2 Derek Meech              Ron Hainsey                                       40     1   2  2  

Penalty Kill 4 Players Forward 
   Center                   Wing                     Time % Phy DF OF 
 1 Eric Staal               Jordin Tootoo            60     1   3  1  
 2 Marcel Goc               David Backes             40     1   3  1  

Penalty Kill 4 Players Defense
   Defense                  Defense                  Time % Phy DF OF 
 1 Ron Hainsey              Steve Eminger            60     1   3  1  
 2 Joe Corvo                Erik Johnson             40     1   3  1  

Penalty Kill - 3 Players Forward 
   Forward                                           Time % Phy DF OF 
 1 Eric Staal                                        60     1   4  0  
 2 David Backes                                      40     1   4  0  

Penalty Kill - 3 Players Defense
   Defense                  Defense                  Time % Phy DF OF 
 1 Derek Meech              Steve Eminger            60     1   4  0  
 2 Joe Corvo                Erik Johnson             40     1   4  0  

4 vs 4 Forward 
   Center                   Wing                     Time % Phy DF OF 
 1 Eric Staal               Alexander Semin          60     1   2  2  
 2 Marcel Goc               David Backes             40     1   2  2  

4 vs 4 Defense
   Defense                  Defense                  Time % Phy DF OF 
 1 Filip Kuba               Steve Eminger            60     1   2  2  
 2 Joe Corvo                Erik Johnson             40     1   2  2  

Last Minutes Offensive
   Center                   Left Wing                Right Wing               Defense                  Defense                  
   Eric Staal               Alexander Semin          David Backes             Filip Kuba               Steve Eminger            

Last Minutes Defensive
   Center                   Left Wing                Right Wing               Defense                  Defense                  
   Eric Staal               Alexander Semin          David Backes             Filip Kuba               Steve Eminger            

Goaltenders
Starting : Pekka Rinne              
Backup : Craig Anderson           

Extra Forwards
Normal : Alexander Semin, Craig Adams, Steve Regier - PP : Jordin Tootoo, Steve Regier - PK : David Backes
Extra Defensemen
Normal : Erik Johnson, Joe Corvo, Ron Hainsey - PP : Filip Kuba - PK : Erik Johnson, Ron Hainsey
Penalty Shots
Eric Staal, Alexander Semin, David Backes, Patrik Berglund, Steve Regier

% Time on Ice - Canucks

Lines # - Real PCT - Wanted PCT - Time Play
Normal Forward
1 - 34% - 40% - 15:01
2 - 26% - 30% - 11:30
3 - 23% - 20% - 10:23
4 - 17% - 10% - 7:21
Normal Defense
1 - 40% - 40% - 17:55
2 - 36% - 30% - 15:43
3 - 22% - 20% - 9:55
4 - 2% - 10% - 0:42
PP Forward
1 - 51% - 60% - 6:58
2 - 49% - 40% - 6:48
PP Defense
1 - 59% - 60% - 8:09
2 - 41% - 40% - 5:37
PK Forward
1 - 72% - 60% - 1:26
2 - 28% - 40% - 0:33
PK Defense
1 - 71% - 60% - 1:25
2 - 29% - 40% - 0:34
PK3 Forward
1 - 0% - 60%
2 - 0% - 40%
PK3 Defense
1 - 0% - 60%
2 - 0% - 40%
44 Forward
1 - 0% - 60%
2 - 0% - 40%
44 Defense
1 - 0% - 60%
2 - 0% - 40%
Last Minute Offensive  - 0:00
Last Minute Defensive  - 0:00
Total
Forward - 60:00
Defense - 60:00

% Time on Ice - Flames

Lines # - Real PCT - Wanted PCT - Time Play
Normal Forward
1 - 34% - 39% - 15:07
2 - 27% - 30% - 11:48
3 - 23% - 21% - 10:16
4 - 16% - 10% - 7:04
Normal Defense
1 - 42% - 40% - 18:32
2 - 32% - 30% - 14:00
3 - 21% - 20% - 9:26
4 - 5% - 10% - 2:17
PP Forward
1 - 65% - 60% - 1:17
2 - 35% - 40% - 0:42
PP Defense
1 - 42% - 60% - 0:50
2 - 58% - 40% - 1:09
PK Forward
1 - 71% - 60% - 9:48
2 - 29% - 40% - 3:58
PK Defense
1 - 53% - 60% - 7:20
2 - 47% - 40% - 6:26
PK3 Forward
1 - 0% - 60%
2 - 0% - 40%
PK3 Defense
1 - 0% - 60%
2 - 0% - 40%
44 Forward
1 - 0% - 60%
2 - 0% - 40%
44 Defense
1 - 0% - 60%
2 - 0% - 40%
Last Minute Offensive  - 0:00
Last Minute Defensive  - 0:00
Total
Forward - 60:00
Defense - 60:00

Play by Play

1st period


0:01 of 1st period - Eric Staal wins face-off versus Matt Stajan in neutral zone.
0:35 of 1st period - Wrist shot by Mark Bell.
0:35 of 1st period - Shot Misses the Net.
0:53 of 1st period - Steve Montador is hit by Steve Regier.
2:00 of 1st period - Tom Poti is hit by Jordin Tootoo and loses puck.
2:24 of 1st period - Off-side.
2:25 of 1st period - Eric Staal wins face-off versus Matt Stajan in neutral zone.
2:50 of 1st period - Clarke MacArthur is hit by Marcel Goc and loses puck.
2:58 of 1st period - Minor Penalty to Jordin Tootoo for Tripping.
2:59 of 1st period - Eric Staal wins face-off versus Matt Stajan in Flames zone.
3:09 of 1st period - Ron Hainsey is hit by Peter Worrell and loses puck.
3:34 of 1st period - Slapshot by Clarke MacArthur.
3:34 of 1st period - Stopped by Pekka Rinne with a rebound.
4:28 of 1st period - Icing by Peter Worrell.
4:29 of 1st period - Marcel Goc wins face-off versus Matt Stajan in Canucks zone.
4:58 of 1st period - Penalty to Jordin Tootoo is over, Jordin Tootoo is back on ice.
5:20 of 1st period - Steve Regier is hit by Maxim Lapierre and loses puck.
5:58 of 1st period - Snap shot by Milan Hejduk.
5:58 of 1st period - Deflect By Patrik Berglund.
5:58 of 1st period - Goal by Patrik Berglund - Canucks : 0 - Flames : 1.
5:59 of 1st period - Eric Staal wins face-off versus Jaromir Jagr in neutral zone.
6:23 of 1st period - Peter Worrell is hit by Joe Corvo and loses puck.
6:41 of 1st period - Slapshot by Alexander Semin.
6:41 of 1st period - Shot Misses the Net.
7:06 of 1st period - Minor Penalty to David Backes for Holding.
7:07 of 1st period - Marcel Goc wins face-off versus Tomas Plekanec in Flames zone.
7:17 of 1st period - Snap shot by Clarke MacArthur.
7:17 of 1st period - Shot Blocked by Ron Hainsey.
7:19 of 1st period - Slapshot by Alex Goligoski.
7:19 of 1st period - Deflect By Tomas Plekanec.
7:19 of 1st period - Goal by Tomas Plekanec - Canucks : 1 - Flames : 1.
7:20 of 1st period - Marcel Goc wins face-off versus Tomas Plekanec in neutral zone.
7:27 of 1st period - Snap shot by Jordin Tootoo.
7:27 of 1st period - Shot Blocked by Alex Goligoski.
7:29 of 1st period - Snap shot by Jordin Tootoo.
7:29 of 1st period - Shot Misses the Net.
7:31 of 1st period - Backhand shot by Filip Kuba.
7:31 of 1st period - Stopped by Carey Price with a rebound.
7:33 of 1st period - Wrist shot by Steve Eminger.
7:33 of 1st period - Shot Blocked by Tomas Plekanec.
7:35 of 1st period - Snap shot by Marcel Goc.
7:35 of 1st period - Shot Misses the Net.
8:08 of 1st period - Maxim Lapierre is hit by Patrik Berglund.
8:27 of 1st period - Sami Lepisto is hit by Derek Meech and loses puck.
9:07 of 1st period - Slapshot by Jaromir Jagr.
9:07 of 1st period - Deflect By Matt Stajan.
9:07 of 1st period - Stopped by Pekka Rinne without a rebound.
9:08 of 1st period - Eric Staal wins face-off versus Matt Stajan in Flames zone.
9:08 of 1st period - Eric Staal is hit by Matt Stajan.
9:16 of 1st period - Snap shot by David Backes.
9:16 of 1st period - Shot Blocked by Matt Stajan.
9:18 of 1st period - Slapshot by Steve Eminger.
9:18 of 1st period - Shot Blocked by Sami Lepisto.
9:20 of 1st period - Backhand shot by Eric Staal.
9:20 of 1st period - Stopped by Carey Price without a rebound.
9:21 of 1st period - Tomas Plekanec wins face-off versus Marcel Goc in Canucks zone.
9:38 of 1st period - Jordin Tootoo is hit by David Jones and loses puck.
9:58 of 1st period - Snap shot by David Backes.
9:58 of 1st period - Stopped by Carey Price with a rebound.
10:00 of 1st period - Snap shot by David Backes.
10:00 of 1st period - Stopped by Carey Price without a rebound.
10:01 of 1st period - Craig Adams wins face-off versus Maxim Lapierre in Canucks zone.
10:59 of 1st period - Off-side.
11:00 of 1st period - Matt Stajan wins face-off versus Marcel Goc in neutral zone.
11:50 of 1st period - Minor Penalty to Maxim Lapierre for Tripping.
11:51 of 1st period - Eric Staal wins face-off versus Jaromir Jagr in Canucks zone.
12:01 of 1st period - Snap shot by David Backes.
12:01 of 1st period - Shot Blocked by Alex Goligoski.
12:03 of 1st period - Snap shot by Erik Johnson.
12:03 of 1st period - Stopped by Carey Price with a rebound.
12:05 of 1st period - Snap shot by David Backes.
12:05 of 1st period - Stopped by Carey Price without a rebound.
12:06 of 1st period - Jaromir Jagr wins face-off versus David Backes in Canucks zone.
12:17 of 1st period - Wrist shot by Matt Stajan.
12:17 of 1st period - Goal by Matt Stajan - Canucks : 2 - Flames : 1.
12:18 of 1st period - Jaromir Jagr wins face-off versus Eric Staal in neutral zone.
12:53 of 1st period - Snap shot by Jordin Tootoo.
12:53 of 1st period - Deflect By Alex Goligoski.
12:53 of 1st period - Stopped by Carey Price without a rebound.
12:54 of 1st period - Eric Staal wins face-off versus Peter Worrell in Canucks zone.
13:50 of 1st period - Penalty to Maxim Lapierre is over, Maxim Lapierre is back on ice.
13:56 of 1st period - Snap shot by Alex Goligoski.
13:56 of 1st period - Shot Blocked by Joe Corvo.
14:39 of 1st period - Steve Eminger is hit by Clarke MacArthur and loses puck.
14:46 of 1st period - Wrist shot by David Jones.
14:46 of 1st period - Shot Blocked by Eric Staal.
15:00 of 1st period - Wrist shot by Jordin Tootoo.
15:00 of 1st period - Stopped by Carey Price with a rebound.
15:26 of 1st period - Sami Lepisto is hit by Craig Adams and loses puck.
15:39 of 1st period - Slapshot by Sami Lepisto.
15:39 of 1st period - Shot Misses the Net.
15:59 of 1st period - Slapshot by David Jones.
15:59 of 1st period - Stopped by Pekka Rinne without a rebound.
16:00 of 1st period - Tomas Plekanec wins face-off versus Eric Staal in Flames zone.
16:35 of 1st period - Snap shot by Marcel Goc.
16:35 of 1st period - Stopped by Carey Price without a rebound.
16:36 of 1st period - Matt Stajan wins face-off versus Eric Staal in Canucks zone.
17:26 of 1st period - Wrist shot by Patrik Berglund.
17:26 of 1st period - Shot Misses the Net.
17:50 of 1st period - Wrist shot by Craig Adams.
17:50 of 1st period - Shot Misses the Net.
17:56 of 1st period - Wrist shot by Steve Montador.
17:56 of 1st period - Shot Blocked by Erik Johnson.
18:11 of 1st period - Steve Eminger is hit by Jaromir Jagr and loses puck.
18:37 of 1st period - Snap shot by Clarke MacArthur.
18:37 of 1st period - Shot Misses the Net.
18:39 of 1st period - Wrist shot by Clarke MacArthur.
18:39 of 1st period - Shot Misses the Net.
18:59 of 1st period - Milan Hejduk is hit by Alex Tanguay and loses puck.
19:12 of 1st period - Snap shot by Craig Adams.
19:12 of 1st period - Stopped by Carey Price without a rebound.
19:13 of 1st period - Olli Jokinen wins face-off versus Craig Adams in Canucks zone.
19:33 of 1st period - Snap shot by Sami Lepisto.
19:33 of 1st period - Stopped by Pekka Rinne without a rebound.
19:34 of 1st period - Eric Staal wins face-off versus Matt Stajan in Flames zone.
19:42 of 1st period - Off-side.
19:43 of 1st period - Matt Stajan wins face-off versus Eric Staal in neutral zone.
19:54 of 1st period - Wrist shot by Jaromir Jagr.
19:54 of 1st period - Shot Blocked by David Backes.
19:56 of 1st period - Backhand shot by Jaromir Jagr.
19:56 of 1st period - Deflect By Matt Stajan.
19:56 of 1st period - Shot Misses the Net.
19:56 of 1st period - Puck is out of play.
19:57 of 1st period - Marcel Goc wins face-off versus Matt Stajan in Flames zone.
Goals for this period are 2 for Canucks vs 1 for Flames.
Shots for this period are 6 for Canucks vs 11 for Flames.

2nd period


0:01 of 2nd period - Matt Stajan wins face-off versus Alexander Semin in neutral zone.
0:25 of 2nd period - Mark Bell is hit by Alex Goligoski.
0:31 of 2nd period - Wrist shot by Tomas Plekanec.
0:31 of 2nd period - Stopped by Pekka Rinne with a rebound.
0:33 of 2nd period - Snap shot by Clarke MacArthur.
0:33 of 2nd period - Stopped by Pekka Rinne with a rebound.
0:35 of 2nd period - Snap shot by David Jones.
0:35 of 2nd period - Stopped by Pekka Rinne without a rebound.
0:36 of 2nd period - Eric Staal wins face-off versus Tomas Plekanec in Flames zone.
1:07 of 2nd period - Snap shot by Jaromir Jagr.
1:07 of 2nd period - Stopped by Pekka Rinne with a rebound.
1:09 of 2nd period - Slapshot by Peter Worrell.
1:09 of 2nd period - Stopped by Pekka Rinne without a rebound.
1:10 of 2nd period - Matt Stajan wins face-off versus Jordin Tootoo in Flames zone.
1:23 of 2nd period - Slapshot by Matt Stajan.
1:23 of 2nd period - Deflect By Marcel Goc.
1:23 of 2nd period - Stopped by Pekka Rinne without a rebound.
1:24 of 2nd period - Eric Staal wins face-off versus Matt Stajan in Flames zone.
1:33 of 2nd period - Snap shot by Matt Stajan.
1:33 of 2nd period - Deflect By Jaromir Jagr.
1:33 of 2nd period - Stopped by Pekka Rinne without a rebound.
1:34 of 2nd period - Eric Staal wins face-off versus Matt Stajan in Flames zone.
1:36 of 2nd period - Minor Penalty to David Backes for Hooking.
1:37 of 2nd period - Eric Staal wins face-off versus Matt Stajan in Flames zone.
1:51 of 2nd period - Slapshot by Eric Staal.
1:51 of 2nd period - Shot Misses the Net.
3:17 of 2nd period - Ron Hainsey is hit by Peter Worrell and loses puck.
3:36 of 2nd period - Penalty to David Backes is over, David Backes is back on ice.
3:46 of 2nd period - Tom Poti is hit by Steve Regier and loses puck.
3:55 of 2nd period - Steve Eminger is hit by Kyle Cumiskey and loses puck.
4:06 of 2nd period - Daniel Paille is hit by Craig Adams and loses puck.
4:59 of 2nd period - Antti Miettinen is hit by Alexander Semin and loses puck.
5:14 of 2nd period - Snap shot by Marcel Goc.
5:14 of 2nd period - Shot Misses the Net.
5:35 of 2nd period - Filip Kuba is hit by Steve Montador and loses puck.
5:46 of 2nd period - Alexander Semin is hit by Steve Montador and loses puck.
6:31 of 2nd period - Off-side.
6:32 of 2nd period - Alex Tanguay wins face-off versus Mikhail Grabovski in neutral zone.
7:18 of 2nd period - Wrist shot by Tomas Plekanec.
7:18 of 2nd period - Stopped by Pekka Rinne without a rebound.
7:19 of 2nd period - Tomas Plekanec wins face-off versus Marcel Goc in Flames zone.
7:30 of 2nd period - Wrist shot by Clarke MacArthur.
7:30 of 2nd period - Shot Blocked by Derek Meech.
7:34 of 2nd period - Snap shot by Clarke MacArthur.
7:34 of 2nd period - Stopped by Pekka Rinne with a rebound.
7:40 of 2nd period - Minor Penalty to Jordin Tootoo for Tripping.
7:41 of 2nd period - Eric Staal wins face-off versus Matt Stajan in Flames zone.
8:11 of 2nd period - Off-side.
8:12 of 2nd period - Matt Stajan wins face-off versus Eric Staal in neutral zone.
8:15 of 2nd period - Joe Corvo is hit by Jaromir Jagr and loses puck.
8:39 of 2nd period - Icing by David Jones.
8:40 of 2nd period - Tomas Plekanec wins face-off versus David Backes in Canucks zone.
8:47 of 2nd period - Slapshot by Tomas Plekanec.
8:47 of 2nd period - Shot Blocked by Alexander Semin.
8:49 of 2nd period - Snap shot by Clarke MacArthur.
8:49 of 2nd period - Shot Misses the Net.
8:51 of 2nd period - Slapshot by Steve Montador.
8:51 of 2nd period - Shot Hit the Post.
8:53 of 2nd period - Slapshot by Steve Montador.
8:53 of 2nd period - Shot Blocked by Ron Hainsey.
9:05 of 2nd period - Slapshot by Alex Goligoski.
9:05 of 2nd period - Stopped by Pekka Rinne with a rebound.
9:11 of 2nd period - Snap shot by Clarke MacArthur.
9:11 of 2nd period - Shot Misses the Net.
9:13 of 2nd period - Snap shot by Steve Montador.
9:13 of 2nd period - Shot Misses the Net.
9:40 of 2nd period - Penalty to Jordin Tootoo is over, Jordin Tootoo is back on ice.
10:07 of 2nd period - Slapshot by Tomas Plekanec.
10:07 of 2nd period - Stopped by Pekka Rinne with a rebound.
10:09 of 2nd period - Snap shot by Clarke MacArthur.
10:09 of 2nd period - Goal by Clarke MacArthur - Canucks : 3 - Flames : 1.
10:10 of 2nd period - Marcel Goc wins face-off versus Matt Stajan in neutral zone.
10:35 of 2nd period - Milan Hejduk is hit by Alex Tanguay and loses puck.
11:00 of 2nd period - Snap shot by Craig Adams.
11:00 of 2nd period - Stopped by Carey Price with a rebound.
11:02 of 2nd period - Wrist shot by Craig Adams.
11:02 of 2nd period - Shot Misses the Net.
11:04 of 2nd period - Snap shot by Craig Adams.
11:04 of 2nd period - Shot Misses the Net.
11:20 of 2nd period - Wrist shot by Jaromir Jagr.
11:20 of 2nd period - Shot Misses the Net.
11:22 of 2nd period - Slapshot by Peter Worrell.
11:22 of 2nd period - Stopped by Pekka Rinne without a rebound.
11:23 of 2nd period - Matt Stajan wins face-off versus Marcel Goc in Flames zone.
11:26 of 2nd period - Wrist shot by Jaromir Jagr.
11:26 of 2nd period - Shot Misses the Net.
12:08 of 2nd period - Icing by Steve Montador.
12:09 of 2nd period - Clarke MacArthur wins face-off versus Steve Regier in Canucks zone.
12:09 of 2nd period - Clarke MacArthur is hit by Patrik Berglund.
12:26 of 2nd period - Steve Eminger is hit by Alex Goligoski and loses puck.
13:05 of 2nd period - Wrist shot by Jordin Tootoo.
13:05 of 2nd period - Shot Blocked by Tom Poti.
13:07 of 2nd period - Slapshot by Filip Kuba.
13:07 of 2nd period - Deflect By Mark Bell.
13:07 of 2nd period - Stopped by Carey Price with a rebound.
13:09 of 2nd period - Snap shot by Steve Eminger.
13:09 of 2nd period - Shot Blocked by Daniel Paille.
13:22 of 2nd period - Minor Penalty to Brad Marchand for High sticking.
13:23 of 2nd period - Eric Staal wins face-off versus Matt Stajan in Flames zone.
15:18 of 2nd period - Icing by Jaromir Jagr.
15:19 of 2nd period - Mikhail Grabovski wins face-off versus Matt Stajan in Canucks zone.
15:22 of 2nd period - Penalty to Brad Marchand is over, Brad Marchand is back on ice.
15:41 of 2nd period - Milan Hejduk is hit by Alex Goligoski.
16:19 of 2nd period - Marcel Goc is hit by David Jones.
16:25 of 2nd period - Wrist shot by Jordin Tootoo.
16:25 of 2nd period - Shot Misses the Net.
17:04 of 2nd period - Patrik Berglund is hit by Antti Miettinen and loses puck.
17:17 of 2nd period - Minor Penalty to Steve Regier for Slashing.
17:18 of 2nd period - Matt Stajan wins face-off versus Eric Staal in Flames zone.
17:19 of 2nd period - Snap shot by Peter Worrell.
17:19 of 2nd period - Stopped by Pekka Rinne with a rebound.
17:21 of 2nd period - Snap shot by Jaromir Jagr.
17:21 of 2nd period - Stopped by Pekka Rinne with a rebound.
17:23 of 2nd period - Snap shot by Alex Goligoski.
17:23 of 2nd period - Shot Misses the Net.
17:25 of 2nd period - Slapshot by Alex Goligoski.
17:25 of 2nd period - Shot Misses the Net.
17:27 of 2nd period - Slapshot by Matt Stajan.
17:27 of 2nd period - Shot Misses the Net.
17:29 of 2nd period - Wrist shot by Jaromir Jagr.
17:29 of 2nd period - Stopped by Pekka Rinne with a rebound.
17:43 of 2nd period - Steve Montador is hit by Steve Eminger and loses puck.
17:51 of 2nd period - Off-side.
17:52 of 2nd period - Eric Staal wins face-off versus Matt Stajan in neutral zone.
19:17 of 2nd period - Penalty to Steve Regier is over, Steve Regier is back on ice.
19:22 of 2nd period - Marcel Goc is hit by Kyle Cumiskey and loses puck.
19:29 of 2nd period - Snap shot by Nikolai Zherdev.
19:29 of 2nd period - Shot Blocked by Joe Corvo.
19:31 of 2nd period - Snap shot by Maxim Lapierre.
19:31 of 2nd period - Stopped by Pekka Rinne with a rebound.
19:48 of 2nd period - Off-side.
19:49 of 2nd period - Patrik Berglund wins face-off versus David Jones in neutral zone.
19:51 of 2nd period - Filip Kuba is hit by Steve Montador and loses puck.
Goals for this period are 1 for Canucks vs 0 for Flames.
Shots for this period are 17 for Canucks vs 2 for Flames.

3rd period


0:01 of 3rd period - Eric Staal wins face-off versus Matt Stajan in neutral zone.
0:08 of 3rd period - Wrist shot by Eric Staal.
0:08 of 3rd period - Stopped by Carey Price without a rebound.
0:09 of 3rd period - Eric Staal wins face-off versus Matt Stajan in Canucks zone.
0:16 of 3rd period - Jaromir Jagr is hit by Eric Staal.
0:36 of 3rd period - Backhand shot by Alexander Semin.
0:36 of 3rd period - Deflect By David Backes.
0:36 of 3rd period - Shot Hit the Post.
0:36 of 3rd period - Puck is out of play.
0:37 of 3rd period - Mark Bell wins face-off versus Tomas Plekanec in Canucks zone.
0:38 of 3rd period - Snap shot by Marcel Goc.
0:38 of 3rd period - Shot Misses the Net.
0:40 of 3rd period - Wrist shot by Jordin Tootoo.
0:40 of 3rd period - Stopped by Carey Price without a rebound.
0:41 of 3rd period - Tomas Plekanec wins face-off versus Marcel Goc in Canucks zone.
0:55 of 3rd period - Slapshot by Erik Johnson.
0:55 of 3rd period - Shot Blocked by Sami Lepisto.
0:57 of 3rd period - Wrist shot by Marcel Goc.
0:57 of 3rd period - Shot Misses the Net.
1:31 of 3rd period - Snap shot by Milan Hejduk.
1:31 of 3rd period - Shot Blocked by Tom Poti.
2:57 of 3rd period - Minor Penalty to Derek Meech for Roughing.
2:58 of 3rd period - Eric Staal wins face-off versus Matt Stajan in Flames zone.
3:23 of 3rd period - Marcel Goc is hit by Clarke MacArthur and loses puck.
4:57 of 3rd period - Penalty to Derek Meech is over, Derek Meech is back on ice.
5:02 of 3rd period - Joe Corvo is hit by Antti Miettinen and loses puck.
5:07 of 3rd period - Snap shot by Antti Miettinen.
5:07 of 3rd period - Stopped by Pekka Rinne with a rebound.
5:15 of 3rd period - Wrist shot by Alexander Semin.
5:15 of 3rd period - Shot Blocked by Daniel Paille.
5:17 of 3rd period - Snap shot by Alexander Semin.
5:17 of 3rd period - Deflect By Marcel Goc.
5:17 of 3rd period - Stopped by Carey Price with a rebound.
5:19 of 3rd period - Slapshot by Joe Corvo.
5:19 of 3rd period - Stopped by Carey Price without a rebound.
5:20 of 3rd period - Patrik Berglund wins face-off versus Maxim Lapierre in Canucks zone.
5:31 of 3rd period - Slapshot by Milan Hejduk.
5:31 of 3rd period - Stopped by Carey Price without a rebound.
5:32 of 3rd period - Eric Staal wins face-off versus Matt Stajan in Canucks zone.
5:33 of 3rd period - Slapshot by Alexander Semin.
5:33 of 3rd period - Shot Misses the Net.
5:50 of 3rd period - Icing by Matt Stajan.
5:51 of 3rd period - Patrik Berglund wins face-off versus Matt Stajan in Canucks zone.
5:58 of 3rd period - Snap shot by Matt Stajan.
5:58 of 3rd period - Stopped by Pekka Rinne with a rebound.
6:00 of 3rd period - Snap shot by Peter Worrell.
6:00 of 3rd period - Shot Blocked by Filip Kuba.
6:02 of 3rd period - Slapshot by Matt Stajan.
6:02 of 3rd period - Stopped by Pekka Rinne with a rebound.
6:04 of 3rd period - Backhand shot by Sami Lepisto.
6:04 of 3rd period - Stopped by Pekka Rinne with a rebound.
6:06 of 3rd period - Slapshot by Tom Poti.
6:06 of 3rd period - Shot Blocked by Steve Eminger.
6:08 of 3rd period - Backhand shot by Tom Poti.
6:08 of 3rd period - Stopped by Pekka Rinne without a rebound.
6:09 of 3rd period - Tomas Plekanec wins face-off versus Eric Staal in Flames zone.
6:31 of 3rd period - Icing by Alexander Semin.
6:32 of 3rd period - Eric Staal wins face-off versus Matt Stajan in Flames zone.
6:47 of 3rd period - Snap shot by Jaromir Jagr.
6:47 of 3rd period - Shot Blocked by Joe Corvo.
6:57 of 3rd period - Snap shot by Alexander Semin.
6:57 of 3rd period - Shot Blocked by Tom Poti.
6:59 of 3rd period - Wrist shot by Eric Staal.
6:59 of 3rd period - Shot Blocked by Tom Poti.
7:01 of 3rd period - Wrist shot by Alexander Semin.
7:01 of 3rd period - Deflect By David Backes.
7:01 of 3rd period - Stopped by Carey Price with a rebound.
7:17 of 3rd period - Snap shot by Mikhail Grabovski.
7:17 of 3rd period - Shot Blocked by Sami Lepisto.
7:39 of 3rd period - Snap shot by Tom Poti.
7:39 of 3rd period - Shot Misses the Net.
8:07 of 3rd period - Alex Goligoski is hit by Jordin Tootoo and loses puck.
8:16 of 3rd period - Daniel Paille is hit by Mark Bell and loses puck.
8:27 of 3rd period - Wrist shot by Eric Staal.
8:27 of 3rd period - Shot Misses the Net.
8:29 of 3rd period - Snap shot by Alexander Semin.
8:29 of 3rd period - Stopped by Carey Price with a rebound.
8:31 of 3rd period - Wrist shot by Eric Staal.
8:31 of 3rd period - Goal by Eric Staal - Canucks : 3 - Flames : 2.
8:32 of 3rd period - Matt Stajan wins face-off versus David Backes in neutral zone.
8:57 of 3rd period - Clarke MacArthur is hit by Erik Johnson and loses puck.
10:05 of 3rd period - Off-side.
10:06 of 3rd period - Eric Staal wins face-off versus Olli Jokinen in neutral zone.
10:09 of 3rd period - Wrist shot by David Backes.
10:09 of 3rd period - Stopped by Carey Price without a rebound.
10:10 of 3rd period - Matt Stajan wins face-off versus Eric Staal in Canucks zone.
10:10 of 3rd period - Matt Stajan is hit by David Backes.
10:42 of 3rd period - David Jones is hit by Mark Bell.
11:04 of 3rd period - Slapshot by Steve Regier.
11:04 of 3rd period - Stopped by Carey Price without a rebound.
11:05 of 3rd period - Eric Staal wins face-off versus Matt Stajan in Canucks zone.
11:14 of 3rd period - Snap shot by Alexander Semin.
11:14 of 3rd period - Deflect By David Backes.
11:14 of 3rd period - Stopped by Carey Price with a rebound.
11:31 of 3rd period - Icing by Sami Lepisto.
11:32 of 3rd period - David Jones wins face-off versus Marcel Goc in Canucks zone.
11:57 of 3rd period - Jaromir Jagr is hit by Marcel Goc and loses puck.
12:13 of 3rd period - Icing by Marcel Goc.
12:14 of 3rd period - Nikolai Zherdev wins face-off versus Eric Staal in Flames zone.
12:15 of 3rd period - Snap shot by Alex Tanguay.
12:15 of 3rd period - Shot Misses the Net.
12:27 of 3rd period - Slapshot by Alex Goligoski.
12:27 of 3rd period - Stopped by Pekka Rinne with a rebound.
13:23 of 3rd period - Steve Eminger is hit by Olli Jokinen.
13:45 of 3rd period - Slapshot by Filip Kuba.
13:45 of 3rd period - Shot Blocked by Alex Tanguay.
14:06 of 3rd period - Icing by Sami Lepisto.
14:07 of 3rd period - Patrik Berglund wins face-off versus Jaromir Jagr in Canucks zone.
14:08 of 3rd period - Wrist shot by Steve Regier.
14:08 of 3rd period - Stopped by Carey Price without a rebound.
14:09 of 3rd period - Matt Stajan wins face-off versus Patrik Berglund in Canucks zone.
14:24 of 3rd period - Wrist shot by Alex Goligoski.
14:24 of 3rd period - Stopped by Pekka Rinne with a rebound.
15:02 of 3rd period - Snap shot by Alex Goligoski.
15:02 of 3rd period - Shot Misses the Net.
15:04 of 3rd period - Snap shot by Maxim Lapierre.
15:04 of 3rd period - Stopped by Pekka Rinne with a rebound.
15:06 of 3rd period - Slapshot by Steve Montador.
15:06 of 3rd period - Stopped by Pekka Rinne with a rebound.
15:16 of 3rd period - Daniel Paille is hit by Craig Adams and loses puck.
15:21 of 3rd period - Snap shot by Craig Adams.
15:21 of 3rd period - Stopped by Carey Price without a rebound.
15:22 of 3rd period - Jaromir Jagr wins face-off versus Patrik Berglund in Canucks zone.
15:28 of 3rd period - Icing by Ron Hainsey.
15:29 of 3rd period - Matt Stajan wins face-off versus Patrik Berglund in Flames zone.
15:30 of 3rd period - Snap shot by Peter Worrell.
15:30 of 3rd period - Shot Blocked by Ron Hainsey.
15:32 of 3rd period - Snap shot by Jaromir Jagr.
15:32 of 3rd period - Shot Misses the Net.
15:34 of 3rd period - Wrist shot by Jaromir Jagr.
15:34 of 3rd period - Deflect By Peter Worrell.
15:34 of 3rd period - Shot Blocked by Derek Meech.
15:34 of 3rd period - Puck is out of play.
15:35 of 3rd period - Maxim Lapierre wins face-off versus Patrik Berglund in Flames zone.
15:36 of 3rd period - Snap shot by Nikolai Zherdev.
15:36 of 3rd period - Shot Misses the Net.
15:38 of 3rd period - Slapshot by Alex Goligoski.
15:38 of 3rd period - Stopped by Pekka Rinne with a rebound.
15:40 of 3rd period - Slapshot by Alex Goligoski.
15:40 of 3rd period - Deflect By Alex Tanguay.
15:40 of 3rd period - Shot Misses the Net.
15:40 of 3rd period - Puck is out of play.
15:41 of 3rd period - Milan Hejduk wins face-off versus Maxim Lapierre in Flames zone.
16:20 of 3rd period - Jaromir Jagr is hit by Steve Eminger and loses puck.
17:00 of 3rd period - Craig Adams is hit by Daniel Paille and loses puck.
17:58 of 3rd period - Snap shot by Jordin Tootoo.
17:58 of 3rd period - Shot Misses the Net.
18:00 of 3rd period - Wrist shot by Mark Bell.
18:00 of 3rd period - Stopped by Carey Price without a rebound.
18:01 of 3rd period - Maxim Lapierre wins face-off versus Patrik Berglund in Canucks zone.
18:20 of 3rd period - Minor Penalty to Steve Regier for High sticking.
18:21 of 3rd period - Matt Stajan wins face-off versus Eric Staal in Flames zone.
18:27 of 3rd period - Snap shot by Jaromir Jagr.
18:27 of 3rd period - Stopped by Pekka Rinne with a rebound.
18:29 of 3rd period - Snap shot by Alex Goligoski.
18:29 of 3rd period - Stopped by Pekka Rinne with a rebound.
18:31 of 3rd period - Slapshot by Alex Goligoski.
18:31 of 3rd period - Deflect By Peter Worrell.
18:31 of 3rd period - Stopped by Pekka Rinne with a rebound.
Goals for this period are 0 for Canucks vs 1 for Flames.
Shots for this period are 13 for Canucks vs 14 for Flames.


Output by the SimonT Hockey Simulator (STHS) for François Prévost -- Original Page W3C XHTML 1.0 Valid
Hockey Simulator - Hockey Simulation - Hockey Manager